 Dungeon Crawl Stone Soup version 0.29-a0-340-g6efceafd81 (webtiles) character file.

Game seed: 14065469173421897391

37 HendSelp the Poker (level 3, -3/28 HPs)
             Began as a Merfolk Gladiator on Apr 19, 2022.
             Slain by a goblin
             ... wielding a +0 mace
             ... led by Robin
              (4 damage)
             ... on level 2 of the Dungeon.
             The game lasted 00:01:39 (1538 turns).

HendSelp the Poker (Merfolk Gladiator)              Turns: 1538, Time: 00:01:40

Health: -3/28      AC:  4    Str: 16    XL:     3   Next: 39%
Magic:  3/3        EV: 13    Int:  7    God:
Gold:   68         SH:  0    Dex: 15    Spells: 2/2 levels left

rFire   . . .      SeeInvis .   a - +0 trident
rCold   . . .      Faith    .   j - orb {*Rage}
rNeg    . . .      Spirit   .   b - +0 leather armour
rPois   .          Reflect  .   c - +0 helmet
rElec   .          Harm     .   (no cloak)
rCorr   .          Rampage  .   (no gloves)
Will    .....      Rage     20% (no boots)
Stlth   +.........              (no amulet)
HPRegen 0.09/turn               (no ring)
MPRegen 0.08/turn               (no ring)

@: lethally poisoned (-3 -> -12), on berserk cooldown, slowed, very slow
A: (nimble swimmer 2), mertail
a: no special abilities


You were on level 2 of the Dungeon.
You visited 1 branch of the dungeon, and saw 2 of its levels.

You collected 68 gold pieces.

Inventory:

Hand Weapons
 a - a +0 trident (weapon)
Missiles
 d - 3 throwing nets (quivered)
 e - a javelin
Armour
 b - a +0 leather armour (worn)
 c - a +0 helmet (worn)
 j - an orb of wrath (worn)
Scrolls
 h - a scroll of teleportation {unknown}
Potions
 i - a potion of attraction


   Skills:
 * Level 2.6 Fighting
 * Level 5.2 Polearms
 - Level 2.0 Throwing
 + Level 4.3 Dodging


You had 2 spell levels left.
You didn't know any spells.
Your spell library contained the following spells:

 Spells                   Type           Power      Damage    Failure   Level
 Animate Skeleton         Necr           0%         N/A       50%         1
 Pain                     Necr           0%         1d4       50%         1
 Stone Arrow              Conj/Erth      0%         3d7       86%         3
 Vampiric Draining        Necr           0%         2d6       86%         3
 Animate Armour           Summ/Erth      0%         N/A       99%         4
 Lehudib's Crystal Spear  Conj/Erth      0%         10d2      100%        8


Dungeon Overview and Level Annotations

Branches:
Dungeon (2/15)

Altars:


Innate Abilities, Weirdness & Mutations

((You are very nimble when in or above water. (Stealth+, EV+, Speed+++)))
Your lower body shifts to a powerful aquatic tail in water.


Message History

Robin throws the goblin at you!
Items here: ))) †††.
You barely miss Robin.
* * * LOW HITPOINT WARNING * * *
You feel very sick. The goblin misses you.
The goblin hits you but does no damage. Robin barely misses you.
The goblin hits you with a +0 dagger.
* * * LOW HITPOINT WARNING * * *
Robin closely misses you. The goblin hits you but does no damage.
Unknown command.
You feel much better.
You feel sick.
The goblin no longer looks unusually strong.
The goblin hits you with a +0 dagger. The goblin hits you but does no damage.
Robin hits you with a +2 spear of venom.
You are more poisoned.
You hit Robin but do no damage.
You feel very sick.
The goblin no longer looks unusually strong.
The goblin hits you but does no damage. The goblin hits you with a +0 mace.
Robin hits you with a +2 spear of venom.
You are lethally poisoned!
The goblin hits you but does no damage. x2
Unknown command.
You puncture Robin!
Robin is heavily wounded.
* * * LOW HITPOINT WARNING * * *
You feel very sick. The goblin closely misses you.
The goblin hits you with a +0 mace.
* * * LOW HITPOINT WARNING * * *
Robin closely misses you.
Unknown command.
Unknown command.
Unknown command.
You puncture Robin!
You kill Robin!
* * * LOW HITPOINT WARNING * * *
You feel very sick. The goblin closely misses you.
The goblin barely misses you. The goblin hits you with a +0 mace.
You die...

#......... ..# #..#######
#.# #......... ...
#...###### #.# .......
####...# #.##(.......
#......# #.##........
#.###..# #)##........ #
#....# #g##........
#....# #@##........
#....#########)g.........
#....##......#........#
#....##......#........#
#....#............$...#
#........######.......#
#........................
#..........#####.........
#.##.....#.# #.........


You could see 2 goblins.

Vanquished Creatures
  Robin (D:2)
  A ball python (D:1)
  3 bats (D:1)
  3 endoplasms (D:1)
  6 goblins (D:2)
  6 hobgoblins
  2 jackals (D:1)
  A kobold (D:1)
  2 frilled lizards (D:1)
  8 rats
33 creatures vanquished.

Notes
Turn   | Place    | Note
-------+----------+-------------------------------------------
     0 | D:1      | HendSelp the Merfolk Gladiator began the quest for the Orb.
     0 | D:1      | Reached XP level 1. HP: 16/16 MP: 1/1
    71 | D:1      | Reached XP level 2. HP: 13/23 MP: 2/2
   916 | D:1      | Reached XP level 3. HP: 28/28 MP: 3/3
  1062 | D:1      | Found a faded altar of an unknown god.
  1508 | D:2      | Noticed Robin
  1519 | D:2      | Reached skill level 5 in Polearms
  1538 | D:2      | Killed Robin
  1538 | D:2      | HP: 1/28 [poisoned by Robin]
  1538 | D:2      | Slain by a goblin

Illustrated notes

Levels and vault maps discovered:
D:1:      minmay_arrival_jagged, layout_basic, ebering_ecumenical_altar_hall,
          minmay_misc_feat_more_columns
D:2:      layout_basic, uniq_robin

Skill      XL: |  1  2  3 |
---------------+----------+-----
Polearms       | 5 |  5.2
Fighting       | |  2.6
Throwing       | |  2.0
Dodging        | |  4.3

Action                   || total
-------------------------++-------
Melee: Trident           ||    73
  Use: Scroll            ||     4
       Potion            ||     1
 Stab: Sleeping          ||     1
Armor: Leather armour    ||    20
Dodge: Dodged            ||    29

Table legend: (Time is in decaauts)
 A = Elapsed time spent in this place.
 B = Non-inter-level travel time spent in this place.
 C = Inter-level travel time spent in this place.
 D = Time resting spent in this place.
 E = Time spent auto-exploring this place.
 F = Levels seen in this place.
 G = Mean time per level.
                   A        B        C        D        E       F      G
               +--------+--------+--------+--------+--------+-----+--------+
         Total |   1581 |   1561 |     20 |    303 |   1075 |   2 |  790.5 |
       Dungeon |   1581 |   1561 |     20 |    303 |   1075 |   2 |  790.5 |
               +--------+--------+--------+--------+--------+-----+--------+

Top non-repeatable levels by time:
     D:1: 1511 daAuts
     D:2: 70 daAuts
